 Dungeon Crawl Stone Soup version 0.29-a0-723-gce39da1c22 (console) character file.

Game seed: 6330059583189100121

23382 jejorda2 the Carver (level 13, -6/103 HPs)
             Began as a Merfolk Berserker on June 28, 2022.
             Was an Elder of Trog.
             Mangled by a death yak (9 damage)
             ... on level 2 of the Lair of Beasts.
             The game lasted 00:39:44 (15615 turns).

jejorda2 the Carver (Merfolk Berserker)            Turns: 15615, Time: 00:39:45

Health: -6/103     AC: 29    Str: 17    XL:     13   Next: 6%
Magic:  13/13      EV: 12    Int:  7    God:    Trog [****..]
Gold:   1299       SH:  0    Dex: 18    Spells: 12/12 levels left

rFire   . . .      SeeInvis .   a - +3 long sword (elec)
rCold   . . .      Faith    .   (no shield)
rNeg    . . .      Spirit   .   C - +2 plate armour {rPois}
rPois   +          Reflect  .   J - +2 helmet
rElec   .          Harm     .   t - +2 cloak
rCorr   .          Rampage  .   H - +0 pair of gloves
Will    .....                   g - +0 pair of boots
Stlth   ..........              (no amulet)
HPRegen 0.27/turn               K - +4 ring of evasion
MPRegen 0.13/turn               Y - +4 ring of protection

@: on berserk cooldown, slowed, very slow
A: (nimble swimmer 2), mertail
a: Renounce Religion, Berserk, Trog's Hand, Brothers in Arms


You were on level 2 of the Lair of Beasts.
You worshipped Trog.
Trog was greatly pleased with you.
You visited 2 branches of the dungeon, and saw 14 of its levels.

You collected 1299 gold pieces.

Inventory:

Hand Weapons
 a - a +3 long sword of electrocution (weapon)
 b - a +1 scimitar of flaming
 w - a +3 scimitar of freezing
 W - the +5 hammer of Jumping Certain Death {spect, rElec rF+ rN+}
   (You found it on level 3 of the Dungeon)

   When its wielder attacks, the weapon's spirit leaps out and strikes again.
   The spirit shares a part of any damage it takes with its wielder.
   rF:        It protects you from fire.
   rElec:     It insulates you from electricity.
   rN:        It protects you from negative energy.
Missiles
 h - 180 stones (quivered)
 o - 12 poisoned darts
 p - 9 javelins
 x - 10 boomerangs
 B - 6 throwing nets
Armour
 g - a +0 pair of boots (worn)
 t - a +2 cloak (worn)
 C - a +2 plate armour of poison resistance (worn)
 G - a +0 buckler
 H - a +0 pair of gloves (worn)
 J - a +2 helmet (worn)
Jewellery
 j - a ring of positive energy
 r - a ring of ice
 K - a +4 ring of evasion (left hand)
 P - a ring of resist corrosion
 T - a ring of fire
 Y - a +4 ring of protection (right hand)
Wands
 q - a wand of iceblast (12)
 z - a wand of flame (24)
 A - a wand of charming (28)
 E - a wand of digging (2)
 V - a wand of light (3)
Scrolls
 c - 2 scrolls of magic mapping
 i - 2 scrolls of vulnerability
 n - 7 scrolls of teleportation
 u - 3 scrolls of poison
 y - a scroll of fear
 M - 2 scrolls of enchant armour
 U - a scroll of enchant weapon
Potions
 d - 8 potions of curing
 e - 7 potions of might
 f - 2 potions of berserk rage
 k - a potion of magic {unknown}
 l - a potion of resistance
 m - 2 potions of cancellation
 s - 4 potions of heal wounds
 v - 4 potions of attraction
 D - 2 potions of flight {unknown}
 F - 2 potions of invisibility {unknown}
 I - 7 potions of lignification
 L - a potion of experience {unknown}
 N - 2 potions of ambrosia {unknown}
 O - a potion of haste
 Q - 3 potions of brilliance {unknown}
 R - a potion of mutation {unknown}


   Skills:
 - Level 10.0 Fighting
 - Level 14.0 Long Blades
 + Level 7.5 Throwing
 - Level 9.1 Armour
 - Level 6.0 Dodging
 * Level 4.7 Shields
 - Level 6.0 Evocations


You had 12 spell levels left.
You didn't know any spells.
Your spell library was empty.

Dungeon Overview and Level Annotations

Branches:
Dungeon (12/15)            Temple (0/1) D:5            Lair (2/6) D:8
    Orc (0/2) D:12
  Swamp: Lair:2-4    Shoals: Lair:2-4     Snake: Lair:2-4    Spider: Lair:2-4

Altars:
Gozag
Kikubaaqudgha
Nemelex Xobeh
Wu Jian
Xom

Shops:
D:6 *   D:9 :

Portals:
Trove: D:11 (give +3 fire dragon scales)


Innate Abilities, Weirdness & Mutations

((You are very nimble when in or above water. (Stealth+, EV+, Speed+++)))
Your lower body shifts to a powerful aquatic tail in water.


Message History

The death yak gores you. x2
You hit the death yak but do no damage.
The death yak is heavily wounded.
The death yak barely misses you. The death yak gores you.
You hit the death yak but do no damage.
The death yak is heavily wounded.
The death yak barely misses you. The death yak gores you!
You are too injured to fight recklessly!
You are too injured to fight recklessly!
You are too injured to fight recklessly!
You are too injured to fight recklessly!
You slash the death yak!
The death yak is lightly wounded.
The death yak gores you. The death yak closely misses you.
You hit the death yak.
The death yak is lightly wounded.
The death yak gores you but does no damage.
The death yak misses you.
You hit the death yak but do no damage.
You punch the death yak, but do no damage.
The death yak is lightly wounded.
The death yak closely misses you. The death yak barely misses you.
You hit the death yak but do no damage.
The death yak is lightly wounded.
The death yak closely misses you. The death yak barely misses you.
You hit the death yak.
The death yak is lightly wounded.
The death yak closely misses you. The death yak misses you.
You slash the death yak!
Lightning courses through the death yak!
The death yak is moderately wounded.
The death yak gores you!!
* * * LOW HITPOINT WARNING * * *
The death yak gores you but does no damage.
You hit the death yak but do no damage.
The death yak is moderately wounded.
The death yak gores you!
* * * LOW HITPOINT WARNING * * *
The death yak gores you!
You die...

............................
.................>.........
.....<.....................
............####..........
..+.#.......####.#.....#
##.#......#†.....P.....#
....#.....##..........#
#...#.....#...Y.Y#...$##
..........#....@#†Y....#
#..##.....##....##....## ...
#. #.......#....##YY..##....
§ .......P#...'.#...........
....................#.###.#
.................##
.............Y.......
..§..........Y.......
......................


You could see 2 death yaks.

Vanquished Creatures
  Harold (D:10)
  A boulder beetle (D:11)
  4 two-headed ogres
  2 hydras (D:11)
  3 death yaks (Lair:2)
  A soul eater (D:10)
  A sun demon (D:10)
  An ugly thing (D:11)
  A rust devil (D:10)
  3 black mambas
  Joseph (D:8)
  An orange demon (D:10)
  A cane toad (Lair:2)
  2 gargoyles
  An ice devil (D:10)
  A kobold demonologist (D:11)
  3 komodo dragons
  3 trolls
  Prince Ribbit (D:7)
  2 wraiths
  2 wyverns
  3 shadows
  21 yaks
  A basilisk (D:8)
  11 vampire mosquitoes
  Edmund (D:5)
  4 water moccasins
  An acid dragon (D:11)
  Duvessa (D:7)
  3 ice beasts
  3 orc warriors
  A sky beast (D:7)
  3 black bears
  12 centaurs
  A phantom (D:5)
  A kobold brigand (D:10)
  3 bullfrogs
  4 necrophages
  A scorpion (D:7)
  11 wights
  Dowan (D:7)
  9 killer bees
  4 howler monkeys
  A jelly (D:6)
  A gnoll shaman (D:4)
  6 hounds
  4 orc priests
  Crazy Yiuf (D:3)
  Jessica (D:2)
  Ijyb (D:5)
  2 iguanas
  6 orc wizards
  4 gnolls (D:4)
  6 adders
  A shadow imp (D:6)
  2 white imps
  3 ufetubi (D:6)
  2 worms
  2 dart slugs
  18 orcs
  9 bats
  2 bat skeletons (D:7)
  5 bat zombies (D:7)
  8 endoplasms
  6 giant cockroaches
  13 hobgoblins
  2 jackals (D:4)
  6 quokkas
  4 ball pythons
  2 frilled lizards (D:1)
  9 goblins
  6 kobolds
  3 rats
272 creatures vanquished.

Vanquished Creatures (others)
  4 fungi
  12 plants
16 creatures vanquished.

Grand Total: 288 creatures vanquished

Notes
Turn   | Place    | Note
-------+----------+-------------------------------------------
     0 | D:1      | jejorda2 the Merfolk Berserker began the quest for the Orb.
     0 | D:1      | Reached XP level 1. HP: 18/18 MP: 1/1
   119 | D:1      | Reached skill level 4 in Long Blades
   119 | D:1      | Reached XP level 2. HP: 17/24 MP: 2/2
   931 | D:1      | Reached XP level 3. HP: 20/29 MP: 3/3
  1162 | D:1      | Found a faded altar of an unknown god.
  1370 | D:2      | Reached ** piety under Trog
  1489 | D:2      | Noticed Jessica
  1512 | D:2      | Killed Jessica
  1513 | D:2      | Reached XP level 4. HP: 17/37 MP: 4/4
  1804 | D:2      | Reached skill level 5 in Long Blades
  2565 | D:3      | Found a runed translucent door.
  2566 | D:3      | Noticed Crazy Yiuf
  2575 | D:3      | Killed Crazy Yiuf
  2576 | D:3      | Reached XP level 5. HP: 42/42 MP: 5/5
  2579 | D:3      | Identified the +5 hammer of Jumping Certain Death {spect,
                  | rElec rF+ rN+}
  2890 | D:3      | Found a shimmering altar of Xom.
  2890 | D:3      | Found an opulent altar of Gozag.
  3349 | D:4      | Reached skill level 6 in Long Blades
  3360 | D:4      | Reached XP level 6. HP: 38/49 MP: 6/6
  4011 | D:5      | Entered Level 5 of the Dungeon
  4039 | D:5      | Reached skill level 5 in Dodging
  4047 | D:5      | Reached skill level 5 in Fighting
  4109 | D:5      | Reached skill level 7 in Long Blades
  4109 | D:5      | Reached XP level 7. HP: 50/56 MP: 7/7
  4316 | D:5      | Found a staircase to the Ecumenical Temple.
  4316 | D:5      | Noticed Ijyb
  4323 | D:5      | Killed Ijyb
  4504 | D:5      | Noticed Edmund
  4521 | D:5      | Killed Edmund
  4655 | D:5      | Reached skill level 8 in Long Blades
  5063 | D:6      | Reached XP level 8. HP: 63/64 MP: 8/8
  5302 | D:6      | Reached skill level 9 in Long Blades
  5331 | D:6      | Found a sparkling altar of Nemelex Xobeh.
  5818 | D:6      | Found Alantaanit's Overcharged Wands.
  6235 | D:7      | Found an ancient bone altar of Kikubaaqudgha.
  6346 | D:7      | Noticed Duvessa
  6346 | D:7      | Noticed Dowan
  6355 | D:7      | Killed Duvessa
  6356 | D:7      | Reached skill level 10 in Long Blades
  6365 | D:7      | Killed Dowan
  6530 | D:7      | Reached XP level 9. HP: 66/69 MP: 9/9
  6609 | D:7      | Reached skill level 11 in Long Blades
  6763 | D:7      | Noticed Prince Ribbit
  6771 | D:7      | Killed Prince Ribbit
  7515 | D:8      | Noticed a two-headed ogre
  7532 | D:8      | Killed a two-headed ogre
  7533 | D:8      | Reached skill level 12 in Long Blades
  7745 | D:8      | Found a staircase to the Lair.
  7766 | D:8      | Reached skill level 13 in Long Blades
  7766 | D:8      | Reached XP level 10. HP: 76/76 MP: 10/10
  7772 | D:8      | Reached skill level 5 in Armour
  7876 | D:8      | Noticed Joseph
  7887 | D:8      | Killed Joseph
  8208 | D:8      | Reached *** piety under Trog
  8360 | D:9      | You fall into a shaft and drop 3 floors!
  8568 | D:12     | Reached skill level 14 in Long Blades
  8749 | D:12     | Reached skill level 1 in Evocations
  8828 | D:12     | Reached skill level 1 in Throwing
  9291 | D:12     | Found a staircase to the Orcish Mines.
  9332 | D:11     | Noticed a boulder beetle
  9428 | D:11     | Killed a boulder beetle
  9596 | D:11     | Noticed a seven-headed hydra
  9603 | D:11     | Killed a seven-headed hydra
  9603 | D:11     | Noticed a two-headed ogre
  9604 | D:11     | Reached skill level 5 in Evocations
  9604 | D:11     | Reached XP level 11. HP: 81/81 MP: 11/11
  9671 | D:11     | Noticed an eight-headed hydra
  9680 | D:11     | Killed an eight-headed hydra
  9681 | D:11     | Reached skill level 5 in Throwing
 10199 | D:11     | Noticed a brown ugly thing
 10202 | D:11     | Killed a two-headed ogre
 10214 | D:11     | Killed a brown ugly thing
 10262 | D:11     | Found a portal to a secret trove of treasure.
 10895 | D:11     | Noticed a soul eater
 11215 | D:10     | Entered Level 10 of the Dungeon
 11434 | D:10     | Noticed a soul eater
 11465 | D:10     | Killed a soul eater
 11531 | D:10     | Noticed a two-headed ogre
 11542 | D:10     | Killed a two-headed ogre
 11770 | D:10     | Noticed a sun demon
 11784 | D:10     | Killed a sun demon
 11785 | D:10     | Reached XP level 12. HP: 95/96 MP: 12/12
 12013 | D:10     | Identified the +0 robe of Boqelif {rElec Str-5 Dex+6
                  | Stlth+}
 12066 | D:10     | Noticed Harold
 12074 | D:10     | Killed Harold
 12075 | D:10     | Reached skill level 10 in Fighting
 12406 | D:10     | Identified the +12 short sword of the Enchanting Gods
                  | {vamp, Will+ Str+5}
 13307 | D:9      | Found Tomn's Book Boutique.
 13312 | D:9      | Noticed a two-headed ogre
 13321 | D:9      | Killed a two-headed ogre
 14067 | D:9      | Reached **** piety under Trog
 14492 | Lair:1   | Entered Level 1 of the Lair of Beasts
 14604 | Lair:1   | Found an ornate altar of the Wu Jian Council.
 15349 | Lair:2   | Reached skill level 1 in Shields
 15561 | Lair:2   | Noticed a death yak
 15562 | Lair:2   | Noticed a death yak
 15574 | Lair:2   | Noticed a death yak
 15575 | Lair:2   | Noticed a death yak
 15575 | Lair:2   | Noticed a death yak
 15586 | Lair:2   | Killed a death yak
 15597 | Lair:2   | Killed a death yak
 15598 | Lair:2   | Reached XP level 13. HP: 103/103 MP: 13/13
 15615 | Lair:2   | HP: 3/103 [death yak (16)]
 15615 | Lair:2   | Mangled by a death yak

Illustrated notes

Levels and vault maps discovered:
D:1:      mrwooster_arrival_arrow, layout_basic,
          hellmonk_ecumenical_altar_arch_garden
D:2:      layout_basic, uniq_jessica
D:3:      layout_basic, gammafunk_temple_overflow_elements, grunt_ministairs_15,
          serial_bayou_ford_a, minmay_misc_feat_nine_boxes,
          uniq_crazy_yiuf_cottage
D:4:      layout_rooms
D:5:      layout_rooms, minmay_temple_entry_waves, uniq_edmund, uniq_ijyb
D:6:      layout_basic, nicolae_overflow_crystal_walls,
          nicolae_shop_overcharged_wands
D:7:      layout_basic, kennysheep_vampire_church, grunt_decor_mini_mirrors,
          uniq_duvessa, uniq_prince_ribbit1
D:8:      layout_basic, david_lair_generic, uniq_joseph
D:9:      layout_basic, serial_shops, nicolae_diamond_shop,
          eino_small_chamber_without_monster, small_chamber_with_monster
D:10:     kennysheep_blocky_hall, layout_irregular_city, serial_demonic,
          serial_demonic_a, serial_demonic_c, serial_demonic_f,
          serial_demonic_e, uniq_harold
D:11:     layout_basic, nicolae_trove_entry_columns
D:12:     layout_roguey, orc_0_dummy
Lair:1:   layout_regular_city, basic_altar, lemuel_fruit_tree
Lair:2:   layout_regular_city, swamp_mist, guppyfry_snake_entry_garden

Skill      XL: |  1  2  3  4  5  6  7  8  9 10 11 12 |
---------------+-------------------------------------+-----
Long Blades    | 4 5 6 7 8 10 13 14 | 14.0
Dodging        | 3 4 5 6 |  6.0
Fighting       | 4 5 6 9 10 | 10.0
Armour         | 3 4 6 7 9 |  9.1
Evocations     | 5 6 |  6.0
Throwing       | 4 6 7 |  7.5
Shields        | 4 |  4.7

Action                   |  1- 3 |  4- 6 |  7- 9 | 10-12 | 13-15 || total
-------------------------+-------+-------+-------+-------+-------++-------
Melee: Falchion          |   119 |   239 |   152 |       |       ||   510
       Punch             |     1 |     1 |     4 |    12 |     1 ||    19
       Tailslap          |       |     1 |       |       |       ||     1
       Scimitar          |       |       |    56 |    27 |       ||    83
       Mace              |       |       |     4 |     5 |       ||     9
       Long sword        |       |       |    63 |   536 |    18 ||   617
Throw: Stone             |     1 |       |     5 |    24 |       ||    30
       Dart              |       |       |       |     8 |       ||     8
       Javelin           |       |       |       |     3 |       ||     3
Invok: Berserk           |     1 |     3 |     6 |    18 |       ||    28
       Trog's Hand       |     1 |     2 |     3 |     3 |       ||     9
  Use: Scroll            |       |       |    16 |    10 |       ||    26
 Stab: Sleeping          |     1 |       |       |       |       ||     1
       Distracted        |       |       |       |     1 |       ||     1
Armor: Animal skin       |    13 |       |       |       |       ||    13
       Leather armour    |     7 |     3 |       |       |       ||    10
       Chain mail        |       |   117 |    71 |       |       ||   188
       Plate armour      |       |       |     3 |   227 |     6 ||   236
Dodge: Dodged            |    85 |   123 |   186 |   320 |    15 ||   729

Table legend: (Time is in decaauts)
 A = Elapsed time spent in this place.
 B = Non-inter-level travel time spent in this place.
 C = Inter-level travel time spent in this place.
 D = Time resting spent in this place.
 E = Time spent auto-exploring this place.
 F = Levels seen in this place.
 G = Mean time per level.
                   A        B        C        D        E       F      G
               +--------+--------+--------+--------+--------+-----+--------+
         Total |  15616 |  15090 |    526 |   2203 |  10268 |  14 | 1115.4 |
       Dungeon |  14524 |  14046 |    478 |   2132 |   9486 |  12 | 1210.3 |
          Lair |   1091 |   1043 |     48 |     70 |    782 |   2 |  545.5 |
               +--------+--------+--------+--------+--------+-----+--------+

Top non-repeatable levels by time:
    D:10: 1885 daAuts
    D:11: 1784 daAuts
     D:9: 1347 daAuts
     D:1: 1332 daAuts
     D:6: 1269 daAuts
     D:7: 1209 daAuts
     D:3: 1085 daAuts
    D:12: 1084 daAuts
     D:8: 1014 daAuts
  Lair:1: 885 daAuts
     D:2: 881 daAuts
     D:5: 830 daAuts
     D:4: 798 daAuts
  Lair:2: 206 daAuts
